 Dungeon Crawl Stone Soup version 0.29.1-2-gbd0b4ee654 (webtiles) character file.

Game seed: 16353662983069973328

126 GorkyZ the Shield-Bearer (level 5, -1/42 HPs)
             Began as a Formicid Fighter on Nov 22, 2022.
             Killed by divine providence
             ... invoked by an orc priest
              (13 damage)
             ... on level 4 of the Dungeon.
             The game lasted 00:06:24 (3565 turns).

GorkyZ the Shield-Bearer (Formicid Fighter)         Turns: 3565, Time: 00:06:25

Health: -1/42      AC:  9    Str: 23    XL:     5   Next: 32%
Magic:  5/5        EV:  8    Int:  7    God:
Gold:   143        SH:  5    Dex: 13    Spells: 4/4 levels left

rFire   . . .      SeeInvis +   a - +0 war axe
rCold   . . .      Faith    .   c - +0 buckler
rNeg    . . .      Spirit   .   f - +0 chain mail
rPois   .          Reflect  .   (helmet unavailable)
rElec   .          Harm     .   (no cloak)
rCorr   .          Rampage  .   (no gloves)
Will    .....                   (no boots)
Stlth   ..........              (no amulet)
HPRegen 0.14/turn               (no ring)
MPRegen 0.09/turn               (no ring)

@: no status effects
A: permanent stasis, dig shafts and tunnels, antennae 3, four strong arms
a: Dig, Shaft Self


You were on level 4 of the Dungeon.
You visited 1 branch of the dungeon, and saw 4 of its levels.

You collected 143 gold pieces.

Inventory:

Hand Weapons
 a - a +0 war axe (weapon)
Missiles
 n - 2 throwing nets
 o - 3 silver javelins
 s - 3 boomerangs (quivered)
Armour
 b - a +0 scale mail
 c - a +0 buckler (worn)
 f - a +0 chain mail (worn)
 p - a +1 hat
Scrolls
 e - a scroll of immolation {unknown}
 g - 4 scrolls of amnesia {unknown}
 h - 2 scrolls of identify {unknown}
 j - 2 scrolls of enchant armour {unknown}
 k - a scroll of acquirement {unknown}
 l - 2 scrolls of enchant weapon {unknown}
 q - a scroll of noise {unknown}
Potions
 d - 2 potions of might
 i - 2 potions of mutation {unknown}
 m - 2 potions of lignification {unknown}
 r - 2 potions of berserk rage {unknown}
 t - a potion of curing {unknown}
 u - a potion of ambrosia {unknown}
 v - a potion of brilliance {unknown}
 w - a potion of cancellation {unknown}


   Skills:
 + Level 3.7 Fighting
 * Level 2.9(3.0) Axes
 + Level 1.1(2.1) Polearms
 + Level 1.3 Throwing
 + Level 3.6 Armour
 + Level 1.1 Dodging
 + Level 4.3 Shields
 + Level 1.4 Evocations


You had 4 spell levels left.
You didn't know any spells.
Your spell library contained the following spells:

 Spells                   Type           Power      Damage    Failure   Level
 Beastly Appendage        Tmut           0%         N/A       99%         1
 Slow                     Hex            0%         N/A       99%         1
 Wereblood                Tmut           0%         N/A       100%        2
 Confusing Touch          Hex            0%         N/A       100%        3
 Gell's Gravitas          Tloc           0%         N/A       100%        3
 Spider Form              Tmut/Pois      0%         N/A       100%        3
 Teleport Other           Tloc           0%         N/A       100%        3
 Vampiric Draining        Necr           0%         2d6       100%        3
 Dispersal                Tloc           0%         N/A       100%        6


Dungeon Overview and Level Annotations

Branches:
Dungeon (4/15)
 Temple: D:4-7

Altars:
Vehumet

Annotations:
D:3 1 runed translucent door, Crazy Yiuf


Innate Abilities, Weirdness & Mutations

You cannot be hasted, slowed, berserked, paralysed or teleported.
You can dig through walls and to a lower floor.
You have a pair of large antennae on your head. (SInv)
Your four strong arms can wield two-handed weapons with a shield.


Message History

You are too injured to fight recklessly!
You are too injured to fight recklessly!
You are too injured to fight recklessly!
You are too injured to fight recklessly!
You are too injured to fight recklessly!
You are too injured to fight recklessly!
You are too injured to fight recklessly!
You are too injured to fight recklessly!
You are too injured to fight recklessly!
You are too injured to fight recklessly!
You are too injured to fight recklessly!
You are too injured to fight recklessly!
You are too injured to fight recklessly!
You are too injured to fight recklessly!
You are too injured to fight recklessly!
You are too injured to fight recklessly!
You are too injured to fight recklessly!
You are too injured to fight recklessly!
You barely miss the orc priest.
The orc priest is moderately wounded.
You barely miss the orc. You hit the orc.
The orc priest calls down the wrath of Beogh upon you.
Beogh smites you!
* * * LOW HITPOINT WARNING * * *
The orc hits you but does no damage. You block the orc's attack.
The orc hits you but does no damage. You block the orc priest's attack.
The orc hits you but does no damage.
You hit the orc priest but do no damage.
The orc priest is moderately wounded.
You closely miss the orc. You slash the orc!
You kill the orc!
The orc priest hits you but does no damage.
You block the orc's attack.
You closely miss the orc priest.
The orc priest is moderately wounded.
You slash the orc!
You kill the orc!
The orc priest mumbles some strange prayers to Beogh against you.
Beogh smites you!
You die...

######...
#........
#.# ## #)# .
#.## #.#@o#
{ ####.#))#
{ {
##.......##
(
.#...#.#...#
.#
>.........##


oo# .........## .{ #........####.#### #....#.......{.... .##....#.?{....# You
could see an orc priest.

Vanquished Creatures
  3 gnolls (D:3)
  4 adders (D:2)
  2 worms
  3 orcs
  2 ball pythons
  4 endoplasms
  2 giant cockroaches
  5 hobgoblins
  A quokka (D:1)
  10 bats
  5 frilled lizards
  10 goblins
  6 kobolds
57 creatures vanquished.

Notes
Turn   | Place    | Note
-------+----------+-------------------------------------------
     0 | D:1      | GorkyZ the Formicid Fighter began the quest for the Orb.
     0 | D:1      | Reached XP level 1. HP: 18/18 MP: 1/1
   252 | D:1      | Reached XP level 2. HP: 24/24 MP: 2/2
   797 | D:1      | Reached XP level 3. HP: 29/29 MP: 3/3
  1449 | D:2      | Reached skill level 1 in Throwing
  1449 | D:2      | Reached skill level 1 in Evocations
  1449 | D:2      | Reached XP level 4. HP: 24/35 MP: 4/4
  2145 | D:3      | Found a runed translucent door.
  2146 | D:3      | Noticed Crazy Yiuf
  2383 | D:3      | Reached skill level 1 in Dodging
  2652 | D:3      | Reached skill level 1 in Polearms
  2710 | D:3      | Reached XP level 5. HP: 36/42 MP: 5/5
  3206 | D:3      | Found a radiant altar of Vehumet.
  3565 | D:4      | Killed from afar by an orc priest

Illustrated notes

Levels and vault maps discovered:
D:1:      minmay_arrival_four_houses, layout_loops_corners,
          kennysheep_pointless_box, skrybe_limestone_x
D:2:      minmay_general_purpose_star, layout_basic
D:3:      layout_basic, lemuel_coloured_pillars_altar,
          chequers_serial_rivers_large_a, uniq_crazy_yiuf_cottage
D:4:      layout_loops_cross, minmay_misc_feat_secret_circle,
          guppyfry_early_orc_mine, uniq_edmund, uniq_ijyb, uniq_grinder

Skill      XL: |  1  2  3  4 |
---------------+-------------+-----
Throwing       | 1 |  1.3
Evocations     | 1 |  1.4
Dodging        | 1 |  1.1
Polearms       | 1 |  1.1
Fighting       | |  3.7
Axes           | |  2.9
Armour         | |  3.6
Shields        | |  4.3

Action                   |  1- 3 |  4- 6 || total
-------------------------+-------+-------++-------
Melee: War axe           |    99 |    58 ||   157
Throw: Boomerang         |       |     1 ||     1
Armor: Scale mail        |     9 |       ||     9
       Chain mail        |    57 |    31 ||    88
Dodge: Dodged            |    46 |    15 ||    61
Block: Buckler           |    23 |    22 ||    45
